 Dungeon Crawl Stone Soup version 0.17-a0-1382-gc46a074 (webtiles) character file.

7588 l0ser140 the Covert (level 10, 0/44 HPs)
             Began as a Spriggan Enchanter on June 15, 2015.
             Was a High Priest of Okawaru.
             Slain by an ice beast (8 damage)
             ... on level 11 of the Dungeon.
             The game lasted 00:36:14 (12581 turns).

l0ser140 the Covert (Spriggan Enchanter)           Turns: 12581, Time: 00:36:14

Health: 0/44       AC: 11    Str:  4    XL:     10   Next: 97%
Magic:  15/15      EV: 32    Int: 16    God:    Okawaru [*****.]
Gold:   459        SH:  0    Dex: 21    Spells: 4 memorised, 5 levels left

rFire  . . .     SeeInvis +     C - +11 whip of Osifiunk {freeze, MR+}
rCold  . . .     Clarity  .     z - +1 robe {MR+}
rNeg   . . .     SustAt   .     (shield restricted)
rPois  .         Gourm    .     (helmet restricted)
rElec  .         Spirit   .     v - +1 cloak
rCorr  .         Warding  .     (gloves unavailable)
rMut   .         Stasis   .     (boots unavailable)
MR     +++..                    (no amulet)
Stlth  +++++++...               q - +3 ring of protection
                                f - +3 ring of protection

@: very quick, extremely resistant to hostile enchantments, extremely stealthy
A: unfitting armour, see invisible, herbivore 3, speed 3, slow metabolism 2
a: Heroism, Finesse, Renounce Religion


You were on level 11 of the Dungeon.
You worshipped Okawaru.
Okawaru was extremely pleased with you.
You were not hungry.

You visited 2 branches of the dungeon, and saw 12 of its levels.

You collected 608 gold pieces.
You spent 149 gold pieces at shops.

Inventory:

Hand weapons
 a - a +2 dagger
 d - a +0 quarterstaff
 C - the +11 whip of Osifiunk (weapon) {freeze, MR+}
   (You found it on level 6 of the Dungeon)

   It has been specially enchanted to freeze those struck by it, causing extra
   injury to most foes and up to half again as much damage against particularly
   susceptible opponents.
   It can also slow down cold-blooded creatures.
   It affects your resistance to hostile enchantments.
Armour
 v - a +1 cloak (worn)
 z - a +1 robe of magic resistance (worn)
   (You took it off an orc on level 7 of the Dungeon)
Jewellery
 f - a +3 ring of protection (left hand)
   (You found it on level 3 of the Dungeon)
 q - a +3 ring of protection (right hand)
   (You found it on level 5 of the Dungeon)
Magical devices
 e - a wand of disintegration (14)
 o - a wand of lightning (11)
 p - a wand of draining (10)
 y - a wand of fireball (5)
 D - a wand of slowing (29)
Scrolls
 g - 2 scrolls of fear
 m - 2 scrolls of recharging {unknown}
 t - a scroll of magic mapping
 w - a scroll of enchant weapon
 x - a scroll of noise {unknown}
 B - 2 scrolls of amnesia {unknown}
 F - 2 scrolls of enchant armour
 G - a scroll of remove curse
 H - a scroll of blinking {unknown}
Potions
 h - 2 potions of agility
 i - 3 potions of heal wounds
 j - a potion of haste {unknown}
 k - a potion of beneficial mutation {unknown}
 l - a potion of degeneration {unknown}
 n - 2 potions of might
 r - 2 potions of cancellation
 u - 2 potions of brilliance
 A - 4 potions of curing
 E - a potion of magic {unknown}
Comestibles
 b - 24 fruits
 c - a bread ration


   Skills:
 - Level 1.1 Short Blades
 + Level 4.8 Staves
 + Level 13.8 Dodging
 + Level 14.8 Stealth
 - Level 2.6 Spellcasting
 - Level 9.4 Hexes


You had 5 spell levels left.
You knew the following spells:

 Your Spells              Type           Power        Failure   Level  Hunger
a - Ensorcelled Hibernat  Hex/Ice        ###...       6%          2    ##.....
d - Dazzling Spray        Conj/Hex       ###.....     12%         3    ###....
s - Confuse               Hex            ####....     1%          3    ###....
y - Corona                Hex            ####...      1%          1    #......


Dungeon Overview and Level Annotations

Branches:
Dungeon (11/15)            Temple (1/1) D:4             Orc (0/4) D:10
   Lair: D:8-11

Altars:
Ashenzari
Cheibriados
Dithmenos
Elyvilon
Fedhas
Gozag
Kikubaaqudgha
Makhleb
Nemelex Xobeh
Okawaru
Sif Muna
Trog
Vehumet
Xom
Yredelemnul
Zin
The Shining One

Shops:
D:5 *%*!:   D:7 ?   D:10 *

Portals:
Ice
Cave: D:11

Annotations:
D:3 Grinder
D:4 Aesgard's ghost, experienced GrFi
D:6 Uberwunderbarhen's ghost, experienced OpFE
D:9 North's ghost, experienced MiBe


Innate Abilities, Weirdness & Mutations

You are tiny and cannot use many weapons and most armour.
You have supernaturally acute eyesight.
You are a herbivore.
You cover ground extremely quickly.
You need consume almost no food.


Message History

* * * LOW HITPOINT WARNING * * *
Huge Dmg: -20%(-9hp) hp: 30%(13hp) Unknown command.
You hit the ice beast.
The ice beast is lightly wounded.
The ice beast completely misses you.
You hit the ice beast.
The ice beast is moderately wounded.
The ice beast hits you.
* * * LOW HITPOINT WARNING * * *
The ice beast freezes you.
* * * LOW HITPOINT WARNING * * *
Huge Dmg: -22%(-10hp) hp: 10%(4hp)
An orc wizard comes into view. It is wielding a dagger.
An orc priest comes into view. It is wielding a flail.
Drink which item? (? for menu, Esc to quit)
Okay, then.
Evoke which item? (* to show all) (? for menu, Esc to quit)
Zapping:
y - a wand of fireball (will waste charges)
Press: ? - help, Shift-Dir - straight line, f - ice beast
Aim: an ice beast (moderately wounded)
The fireball explodes!
The fireball engulfs the ice beast.
The ice beast melts!
The ice beast is almost dead.
Evoking this partially-identified wand wasted a few charges.
You hear a shout! x3
You hear a bark!
The orc priest shouts!
You hear a shout!
An orc priest comes into view. It is wielding a whip.
Drink which item? (? for menu, Esc to quit)
You feel much better.
The orc priest moves out of view.
The ice beast completely misses you.
Evoke which item? (* to show all) (? for menu, Esc to quit)
Zapping:
y - a wand of fireball {zapped: 2} (will waste charges)
Press: ? - help, Shift-Dir - straight line, p - ice beast The fireball explodes!
The fireball engulfs the orc priest.
The orc priest is heavily wounded.
The fireball engulfs the orc wizard.
The orc wizard is almost dead.
Evoking this partially-identified wand wasted a few charges.
You hear a shout!
The ice beast completely misses you.
An orc warrior comes into view. It is wielding a short sword.
You hit the ice beast.
The ice beast is almost dead.
The orc priest calls down the wrath of Beogh upon you.
Something smites you!
* * * LOW HITPOINT WARNING * * *
The ice beast hits you.
* * * LOW HITPOINT WARNING * * *
The ice beast freezes you!
You die...

#..∩....#
#......##
#......####
####......##
######..#
##.# #.# #Y#
#♥# #.# #.o
#..o


#o.oo ##.... ..... #..... You could see an orc warrior, an ice beast, an orc
priest, 2 orc wizards and an orc.

Vanquished Creatures
  A centaur zombie (D:11)
  2 gargoyles (D:9 D:10)
  4 yaks (D:9 D:8)
  A hippogriff (D:7)
  A wyvern (D:7)
  A hungry ghost (D:8)
  A steam dragon (D:10)
  A warg (D:10)
  2 sky beasts (D:7 D:8)
  9 ice beasts (D:6 D:5 D:11)
  An ogre (D:8)
  7 orc warriors (D:6 D:7 D:8 D:10)
  5 centaurs (D:5 D:9)
  3 phantoms (D:6 D:7 D:9)
  2 big kobolds (D:9 D:10)
  A gnoll sergeant (D:8)
  A scorpion (D:5)
  5 giant frogs (D:8 D:10 D:11)
  3 killer bees (D:10)
  7 wights (D:10 D:11)
  2 quasits (D:6 D:9)
  An electric eel (D:11)
  7 crimson imps (D:5 D:6 D:7 D:8 D:9)
  4 hounds (D:7 D:8 D:9)
  6 jellies (D:7 D:8 D:9 D:10)
  2 centaur skeletons (D:4 D:8)
  3 giant frog skeletons (D:4 D:7 D:10)
  10 orc priests (D:6 D:7 D:8 D:9 D:10)
  6 orc wizards (D:8 D:10)
  2 iguanas (D:4 D:7)
  Jessica (D:3)
  A killer bee zombie (D:6)
  11 worker ants (D:4 D:6 D:7 D:8 D:10)
  A hound skeleton (D:6)
  A hound zombie (D:4)
  2 worker ant zombies (D:4 D:10)
  11 adders (D:3 D:2 D:4 D:5)
  9 gnolls (D:2 D:3 D:8 D:7)
  A shadow imp (D:5)
  3 worms (D:2)
  10 giant geckos (D:2 D:3 D:4 D:5 D:6)
  39 orcs (D:5 D:4 D:6 D:7 D:8)
  A ball python (D:2)
  A bat skeleton (D:4)
  A bat zombie (D:7)
  6 giant cockroaches (D:3 D:4 D:2 D:1 D:5)
  16 hobgoblins (D:1 D:4 D:3 D:2 D:7)
  11 jackals (D:1 D:6 D:7 D:10)
  24 kobolds (D:1 D:2 D:4 D:6 D:5)
  3 quokkas (D:3 D:9)
  15 bats (D:3 D:5 D:1 D:7 D:8)
  A giant gecko zombie (D:4)
  3 giant newts (D:3 D:5)
  9 goblins (D:4 D:3 D:1 D:6 D:7)
  A jackal zombie (D:4)
  A quokka zombie (D:4)
  14 rats (D:4 D:3 D:6 D:2 D:1)
298 creatures vanquished.

Notes
Turn   | Place    | Note
--------------------------------------------------------------
     0 | D:1      | l0ser140 the Spriggan Enchanter began the quest for the Orb.
     0 | D:1      | Reached XP level 1. HP: 9/9 MP: 5/5
    34 | D:1      | Huge Dmg: 6 Dmg
   278 | D:1      | Huge Dmg: 2 Dmg
   290 | D:1      | Huge Dmg: 3 Dmg
   305 | D:2      | Reached skill level 5 in Stealth
   305 | D:2      | Reached XP level 2. HP: 4/13 MP: 6/6
   585 | D:3      | Learned a level 2 spell: Ensorcelled Hibernation
   603 | D:3      | Huge Dmg: 3 Dmg
   604 | D:3      | Reached skill level 4 in Hexes
   682 | D:3      | Huge Dmg: 3 Dmg
   686 | D:3      | Noticed Grinder
   749 | D:3      | Reached XP level 3. HP: 6/16 MP: 5/8
   750 | D:3      | Huge Dmg: 3 Dmg
   902 | D:4      | Noticed Aesgard's ghost (experienced GrFi)
  1077 | D:4      | Reached skill level 4 in Dodging
  1295 | D:3      | Reached XP level 4. HP: 21/21 MP: 4/9
  1325 | D:3      | Found a glowing golden altar of the Shining One.
  1328 | D:3      | Found a blossoming altar of Fedhas.
  1398 | D:3      | Noticed Jessica
  1410 | D:3      | Killed Jessica
  1481 | D:3      | Reached skill level 5 in Dodging
  1696 | D:3      | Huge Dmg: 4 Dmg
  1696 | D:3      | Paralysed by Grinder for 6 turns
  1702 | D:3      | Huge Dmg: 11 Dmg
  2107 | D:4      | Reached skill level 6 in Stealth
  2107 | D:4      | Reached skill level 5 in Hexes
  2107 | D:4      | Reached XP level 5. HP: 24/24 MP: 10/10
  2145 | D:4      | Huge Dmg: 5 Dmg
  2146 | D:4      | Huge Dmg: 6 Dmg
  2149 | D:4      | Huge Dmg: 4 Dmg
  2185 | D:5      | Entered Level 5 of the Dungeon
  2357 | D:5      | Noticed an ice beast
  2424 | D:5      | Noticed a centaur
  2692 | D:5      | Learned a level 3 spell: Confuse
  2706 | D:5      | Huge Dmg: 12 Dmg
  2709 | D:4      | Huge Dmg: 6 Dmg
  3409 | D:2      | Found a faded altar to an unknown god.
  3492 | D:2      | Huge Dmg: 5 Dmg
  4018 | D:2      | Huge Dmg: 6 Dmg
  4275 | D:1      | Reached XP level 6. HP: 28/28 MP: 11/11
  4561 | D:1      | Reached skill level 6 in Dodging
  5006 | D:4      | Reached skill level 7 in Stealth
  5422 | D:4      | Huge Dmg: 6 Dmg
  5471 | D:4      | Reached skill level 6 in Hexes
  5570 | D:4      | Found a staircase to the Ecumenical Temple.
  5580 | Temple   | Entered the Ecumenical Temple
  5686 | Temple   | Became a worshipper of Warmaster Okawaru
  5709 | D:4      | Huge Dmg: 12 Dmg
  5847 | D:5      | Found Ukhlitek's Food Boutique.
  5847 | D:5      | Noticed a centaur
  5849 | D:5      | Killed a centaur
  5849 | D:5      | Reached skill level 7 in Dodging
  5849 | D:5      | Reached XP level 7. HP: 32/32 MP: 12/12
  5894 | D:5      | Learned a level 3 spell: Dazzling Spray
  5898 | D:5      | Found Pyhich's Assorted Antiques.
  5907 | D:5      | Reached skill level 8 in Stealth
  5909 | D:5      | Bought a scroll of identify for 52 gold pieces
  5909 | D:5      | Bought a scroll of identify for 52 gold pieces
  6031 | D:5      | Huge Dmg: 9 Dmg
  6034 | D:5      | Huge Dmg: 5 Dmg
  6208 | D:5      | Killed a centaur
  6208 | D:5      | Acquired Okawaru's first power
  6327 | D:5      | Found Ituoxeg's Book Emporium.
  6446 | D:5      | Found Romuhele's General Store.
  6464 | D:5      | Bought a potion of curing for 45 gold pieces
  6619 | D:5      | Found Ulluo's Distillery.
  6619 | D:5      | Noticed a centaur
  6625 | D:5      | Killed a centaur
  6702 | D:6      | Reached skill level 8 in Dodging
  6760 | D:6      | Found a white marble altar of Elyvilon.
  6811 | D:6      | Noticed an ice beast
  6867 | D:6      | Killed an ice beast
  6867 | D:6      | Reached skill level 9 in Stealth
  6867 | D:6      | Reached skill level 7 in Hexes
  6914 | D:6      | Got a slimy whip
  7062 | D:6      | Noticed an orc warrior
  7064 | D:6      | Killed an orc warrior
  7064 | D:6      | Reached XP level 8. HP: 36/36 MP: 13/13
  7154 | D:6      | Huge Dmg: 15 Dmg
  7203 | D:5      | Killed an ice beast
  7289 | D:6      | Huge Dmg: 9 Dmg
  7463 | D:6      | Noticed a phantom
  7479 | D:6      | Killed a phantom
  7479 | D:6      | Reached skill level 9 in Dodging
  7516 | D:6      | Reached skill level 10 in Stealth
  7626 | D:6      | Noticed Uberwunderbarhen's ghost (experienced OpFE)
  7660 | D:7      | Found Uhaibaev's Magic Scroll Emporium.
  7688 | D:7      | Reached skill level 8 in Hexes
  7794 | D:7      | Reached skill level 10 in Dodging
  7992 | D:7      | Found a burning altar of Makhleb.
  8036 | D:7      | Reached skill level 11 in Stealth
  8041 | D:7      | Huge Dmg: 10 Dmg
  8243 | D:8      | Reached XP level 9. HP: 39/39 MP: 7/14
  8639 | D:7      | Reached skill level 9 in Hexes
  8936 | D:7      | Reached skill level 11 in Dodging
  9013 | D:7      | Huge Dmg: 10 Dmg
  9184 | D:7      | Identified the +11 whip of Osifiunk {freeze, MR+} (You found it on level 6 of the Dungeon)
  9230 | D:8      | Reached skill level 12 in Stealth
  9287 | D:8      | Reached skill level 1 in Staves
  9652 | D:9      | Found a basalt altar of Yredelemnul.
  9664 | D:9      | Reached skill level 2 in Staves
  9671 | D:9      | Reached skill level 12 in Dodging
  9672 | D:9      | Huge Dmg: 11 Dmg
  9673 | D:9      | Huge Dmg: 9 Dmg
  9861 | D:9      | Huge Dmg: 10 Dmg
  9862 | D:9      | Huge Dmg: 9 Dmg
  9865 | D:9      | Huge Dmg: 10 Dmg
 10087 | D:9      | Reached skill level 13 in Stealth
 10127 | D:9      | Reached XP level 10. HP: 38/44 MP: 15/15
 10429 | D:9      | Noticed North's ghost (experienced MiBe)
 10452 | D:9      | Huge Dmg: 20 Dmg
 10475 | D:10     | Entered Level 10 of the Dungeon
 10478 | D:10     | Huge Dmg: 13 Dmg
 10785 | D:9      | Noticed a gargoyle
 10794 | D:9      | Killed a gargoyle
 10794 | D:9      | Reached skill level 3 in Staves
 10992 | D:9      | Found an ancient bone altar of Kikubaaqudgha.
 10992 | D:9      | Found a burning altar of Makhleb.
 11140 | D:10     | Found Guismao's General Store.
 11284 | D:10     | Found a staircase to the Orcish Mines.
 11315 | D:10     | Huge Dmg: 12 Dmg
 11439 | D:10     | Reached skill level 13 in Dodging
 11515 | D:10     | Reached skill level 14 in Stealth
 11821 | D:10     | Reached skill level 4 in Staves
 11829 | D:10     | Huge Dmg: 17 Dmg
 11835 | D:10     | Huge Dmg: 7 Dmg
 12253 | D:11     | Huge Dmg: 13 Dmg
 12425 | D:11     | Acquired Okawaru's second power
 12481 | D:11     | Found a frozen archway.
 12492 | D:11     | Huge Dmg: 9 Dmg
 12525 | D:11     | Huge Dmg: 16 Dmg
 12563 | D:11     | Huge Dmg: 9 Dmg
 12573 | D:11     | Huge Dmg: 10 Dmg
 12581 | D:11     | Slain by an ice beast

Vault maps used:
D:1:      eino_arrival_cavern_c
D:2:      ecumenical_altar_2
D:3:      lemuel_crystal_altar, first_bread, fedhas_altar_3, uniq_jessica,
          uniq_crazy_yiuf_cottage, uniq_grinder
D:4:      minmay_temple_entry_enclosed_plants, serial_undead, serial_undead_e,
          serial_undead_a, serial_undead_c, serial_undead_d
D:5:      serial_shops, shop, shop, shop, shop, shop
D:6:      grunt_ministairs_14, elyvilon_altar_4
D:7:      serial_shops, shop, bloody_makhleb
D:9:      yredelemnul_altar_generic, nicolae_overflow_hidden_temple
D:10:     david_orc_3, serial_shops, shop, blue_anna_alchemist,
          minmay_misc_feat_enclosed, minmay_fountain_box,
          minmay_tree_intersection
D:11:     erik_lair_orcish_takeover, portal_ice_cave_entry_ice_beasts
Temple:   circular_temple_12

Action                   |  1- 3 |  4- 6 |  7- 9 | 10-12 || total
-------------------------+-------+-------+-------+-------++-------
Melee: Dagger            |    52 |   297 |   404 |     1 ||   754
       Whip              |       |       |   103 |   314 ||   417
 Cast: Ensorcelled Hiber |     7 |    24 |    47 |       ||    78
       Confuse           |       |       |    20 |       ||    20
Evoke: Wand              |       |       |       |     2 ||     2
  Use: Scroll            |       |    10 |     4 |     2 ||    16
       Potion            |       |       |       |     1 ||     1
 Stab: Sleeping          |    13 |    45 |    53 |    10 ||   121
       Distracted        |       |     1 |     2 |     3 ||     6
       Confused          |       |       |    13 |       ||    13
  Eat: Bread ration      |       |     1 |     1 |       ||     2
       Fruit             |       |       |     3 |       ||     3
       Pizza             |       |       |     2 |       ||     2

Vault maps used:
D:1:      eino_arrival_cavern_c
D:2:      ecumenical_altar_2
D:3:      lemuel_crystal_altar, first_bread, fedhas_altar_3, uniq_jessica,
          uniq_crazy_yiuf_cottage, uniq_grinder
D:4:      minmay_temple_entry_enclosed_plants, serial_undead, serial_undead_e,
          serial_undead_a, serial_undead_c, serial_undead_d
D:5:      serial_shops, shop, shop, shop, shop, shop
D:6:      grunt_ministairs_14, elyvilon_altar_4
D:7:      serial_shops, shop, bloody_makhleb
D:9:      yredelemnul_altar_generic, nicolae_overflow_hidden_temple
D:10:     david_orc_3, serial_shops, shop, blue_anna_alchemist,
          minmay_misc_feat_enclosed, minmay_fountain_box,
          minmay_tree_intersection
D:11:     erik_lair_orcish_takeover, portal_ice_cave_entry_ice_beasts
Temple:   circular_temple_12
